 Dungeon Crawl Stone Soup version 0.31-a0-523-g071a6c1ffa (webtiles) character file.

Game seed: 9279174587045149984

42 Crownlay the Stinger (level 3, -2/21 HPs)
             Began as an Octopode Venom Mage on Aug 11, 2023.
             Slain by a worm (8 damage)
             ... on level 2 of the Dungeon.
             The game lasted 00:02:19 (1302 turns).

Crownlay the Stinger (Octopode Venom Mage)          Turns: 1302, Time: 00:02:20

Health: -2/21      AC:  1    Str:  7    XL:     3   Next: 56%
Magic:  5/15       EV: 13    Int: 19    God:
Gold:   64         SH:  0    Dex: 12    Spells: 3/6 levels left

rFire   . . .        b - +0 dagger
rCold   . . .        (no shield)
rNeg    . . .        (helmet restricted)
rPois   .            (no amulet)
rElec   .            j - ring of magical power
rCorr   .            (no ring)
SInv    .            (no ring)
Will    .....        (no ring)
Stlth   +++          (no ring)
HPRegen 0.23/turn    (no ring)
MPRegen 0.14/turn    (no ring)
                     (no ring)

%: no passive effects
@: no status effects
A: almost no armour, amphibious, 8 rings, camouflage 1, gelatinous body 1,
(nimble swimmer 1), tentacles
a: no special abilities


You were on level 2 of the Dungeon.
You visited 1 branch of the dungeon, and saw 2 of its levels.

You collected 64 gold pieces.

Inventory:

Hand Weapons
 b - a +0 dagger (weapon)
Jewellery
 j - a ring of magical power (left tentacle)
Scrolls
 c - a scroll of identify {unknown}
 d - a scroll of poison {unknown}
 g - a scroll of immolation {unknown}
Potions
 a - a potion of magic
 e - a potion of brilliance {unknown}
 f - a potion of degeneration {unknown}
 h - a potion of mutation {unknown}
 i - a potion of attraction {unknown}


   Skills:
 - Level 2.0 Dodging
 - Level 2.6 Stealth
 - Level 2.0 Spellcasting
 - Level 1.0 Transmutations
 + Level 1.4 Air Magic
 - Level 5.0 Poison Magic


You had 3 spell levels left.
You knew the following spells:

 Your Spells              Type           Power      Damage    Failure   Level
a - Sting                 Tmut/Pois      52%        1d5       4%          1
b - Poisonous Vapours     Pois/Air       28%        N/A       7%          2

Your spell library contained the following spells:

 Spells                   Type           Power      Damage    Failure   Level
 Mephitic Cloud           Conj/Pois/Air  10%        N/A       22%         3
 Olgreb's Toxic Radiance  Pois           20%        N/A       22%         4


Dungeon Overview and Level Annotations

Branches:
Dungeon (2/15)

Altars:


Innate Abilities, Weirdness & Mutations

You cannot wear most types of armour.
You are amphibious.
You can wear up to eight rings at the same time.
Your skin changes colour to match your surroundings (Stealth+).
Your rubbery body absorbs attacks. (AC +1, EV +1)
((You are camouflaged when in or above water. (Stealth+)))
You have tentacles for arms and can constrict up to eight enemies at once.


Message History

Aiming: Poisonous Vapours (safe; 7% risk of failure)
Press: ? - help, Dir - move target, f - worm
Aim: a worm Poisonous vapours surround the worm!
The worm is poisoned.
Casting: Poisonous Vapours (safe; 7% risk of failure)
Confirm with . or Enter, or press ? or * to list all spells.
Aiming: Sting (safe; 4% risk of failure)
Press: ? - help, Shift-Dir - straight line, f/p - worm
Aim: a worm (poisoned, 90% to hit)
The sting hits the worm.
The worm looks even sicker.
The worm is lightly wounded.
Casting: Sting (safe; 4% risk of failure)
Confirm with . or Enter, or press ? or * to list all spells.
Aiming: Sting (safe; 4% risk of failure)
Press: ? - help, Shift-Dir - straight line, f/p - worm
Aim: a worm (lightly wounded, very poisoned, 90% to hit)
The sting hits the worm.
The worm looks even sicker.
The worm is moderately wounded.
The worm closely misses you.
Things that are here:
a +0 dagger; a +0 scale mail; a goblin corpse You hit the worm.
You grab the worm.
You tentacle-slap the worm, but do no damage.
You squeeze the worm.
The worm is moderately wounded.
You constrict the worm. The worm bites you!
* * * LOW HITPOINT WARNING * * *
You completely miss the worm.
The worm is severely wounded.
You constrict the worm, but do no damage.
Casting: Sting (safe; 4% risk of failure)
Confirm with . or Enter, or press ? or * to list all spells.
Aiming: Sting (safe; 4% risk of failure)
Press: ? - help, Shift-Dir - straight line, f/p - worm
Aim: a worm (severely wounded, constricted by you, very poisoned, 100% to hit)
The sting hits the worm.
The worm looks as sick as possible!
The worm is severely wounded.
You constrict the worm, but do no damage.
The worm bites you!
You die...

................#
.........######.#
.........# #.#
.........# #.#
.........# #.##
.........# #..#
.........# ##.# .
........## #.# .#
.#.....## #@# ..#
.#######
#w#####..# .#
#..#....# .#
##.(.# .# ##..#
#######
#..).......
.......
.............
#######
....g....#####. #
..g.......


You could see a worm (extremely poisoned).

Vanquished Creatures
  2 dart slugs (D:1)
  3 endoplasms
  4 giant cockroaches
  5 goblins
  3 hobgoblins
  3 jackals (D:1)
  2 ball pythons
  3 bats
  2 frilled lizards (D:1)
  3 kobolds
  5 rats (D:1)
35 creatures vanquished.

Notes
Turn   | Place    | Note
-------+----------+-------------------------------------------
     0 | D:1      | Crownlay the Octopode Venom Mage began the quest for the
                  | Orb.
     0 | D:1      | Reached XP level 1. HP: 11/11 MP: 3/3
     2 | D:1      | Noticed a vampire
     2 | D:1      | Noticed a naga
     4 | D:1      | Noticed a ghoul
     4 | D:1      | Noticed a troll
     6 | D:1      | Noticed a formicid
     6 | D:1      | Noticed an armataur
     8 | D:1      | Noticed a merfolk
     8 | D:1      | Noticed an ogre
    10 | D:1      | Noticed an elf
    10 | D:1      | Noticed a spriggan
    14 | D:1      | Noticed a minotaur
    14 | D:1      | Noticed a demonspawn
    16 | D:1      | Noticed a gargoyle
    16 | D:1      | Noticed a felid
    18 | D:1      | Noticed a human
    18 | D:1      | Noticed a tengu
    20 | D:1      | Noticed a demigod
    20 | D:1      | Noticed a draconian
    22 | D:1      | Noticed a vine stalker
    24 | D:1      | Noticed a meteoran
    24 | D:1      | Noticed a ghoul
    26 | D:1      | Noticed a meteoran
    26 | D:1      | Noticed a demonspawn
    87 | D:1      | Reached skill level 4 in Poison Magic
    94 | D:1      | Reached XP level 2. HP: 5/17 MP: 0/5
   259 | D:1      | Learned a level 2 spell: Poisonous Vapours
   615 | D:1      | Reached XP level 3. HP: 20/21 MP: 2/6
   750 | D:1      | Reached skill level 1 in Air Magic
  1282 | D:2      | Reached skill level 5 in Poison Magic
  1302 | D:2      | Slain by a worm

Illustrated notes

Levels and vault maps discovered:
D:1:      kb_arrival_jail, layout_basic, serial_bayou_crossing
D:2:      layout_rooms, ebering_ecumenical_altar_abandoned

Skill      XL: |  1  2  3 |
---------------+----------+-----
Poison Magic   | 4 5 |  5.0
Air Magic      | 1 |  1.4
Dodging        | |  2.0
Stealth        | |  2.6
Spellcasting   | |  2.0
Transmutations | |  1.0

Action                     || total
---------------------------++-------
  Melee: Unarmed           ||     9
         Constrict         ||     7
         Tentacles         ||     5
         Dagger            ||    15
         Punch             ||     1
   Cast: Sting             ||    47
         Poisonous Vapours ||     5
 Armour: Skin              ||     3
  Dodge: Dodged            ||    23

Table legend: (Time is in decaauts)
 A = Elapsed time spent in this place.
 B = Non-inter-level travel time spent in this place.
 C = Inter-level travel time spent in this place.
 D = Time resting spent in this place.
 E = Time spent auto-exploring this place.
 F = Levels seen in this place.
 G = Mean time per level.
                   A        B        C        D        E       F      G
               +--------+--------+--------+--------+--------+-----+--------+
         Total |   1300 |   1264 |     36 |      0 |   1052 |   2 |  650.0 |
       Dungeon |   1300 |   1264 |     36 |      0 |   1052 |   2 |  650.0 |
               +--------+--------+--------+--------+--------+-----+--------+

Top non-repeatable levels by time:
     D:1: 1050 daAuts
     D:2: 250 daAuts
